 Dungeon Sprint DCSS version 0.17-a0-1446-gc28613e (webtiles) character file.

28 esc the Covert (level 2, -4/19 HPs)
             Began as a Vampire Enchanter on June 28, 2015.
             Slain by an ogre
             ... wielding a +0 giant spiked club
              (15 damage)
             ... in the Dungeon (Sprint I: "Red Sonja").
             The game lasted 00:00:48 (208 turns).

esc the Covert (Vampire Enchanter)                   Turns: 208, Time: 00:00:48

Health: -4/19      AC:  3    Str:  7    XL:     2   Next: 96%
Magic:  0/5        EV: 12    Int: 17    God:
Gold:   0          SH:  0    Dex: 14    Spells: 2 memorised, 2 levels left

rFire  . . .     SeeInvis +     a - +1 dagger
rCold  . . .     Clarity  .     b - +1 robe
rNeg   + . .     SustAt   .     (no shield)
rPois  .         Gourm    .     (no helmet)
rElec  .         Spirit   .     (no cloak)
rCorr  .         Warding  .     (no gloves)
rMut   .         NoTele   +     (no boots)
MR     .....                    (no amulet)
Stlth  ++++......               (no ring)
                                (no ring)

@: not resistant to hostile enchantments, stealthy
A: fangs 3, see invisible, unbreathing
a: no special abilities


You were in the Dungeon.
You were not thirsty.

You visited 1 branch

Inventory:

Hand weapons
 a - a +1 dagger (weapon)
Armour
 b - a +1 robe (worn)
Scrolls
 j - a scroll of blinking {!r}
Potions
 d - 2 potions of blood {@q1}
 e - a potion of curing
 f - a potion of heal wounds
 g - a potion of haste
 h - 2 potions of magic
 i - a potion of berserk rage {!q}
 k - a potion of degeneration {unknown}
Books
 c - a book of Maledictions


   Skills:
 - Level 1.1 Short Blades
 - Level 2.1 Dodging
 + Level 8.0 Stealth
 - Level 2.0 Spellcasting
 + Level 7.4 Hexes


You had 2 spell levels left.
You knew the following spells:

 Your Spells              Type           Power        Failure   Level  Hunger
a - Ensorcelled Hibernat  Hex/Ice        ##....       10%         2    ###....
v - Corona                Hex            ####...      1%          1    #......


Dungeon Overview and Level Annotations

Branches:
Dungeon (1/1)

Altars:


Innate Abilities, Weirdness & Mutations

You have razor-sharp teeth.
You have supernaturally acute eyesight.
You can survive without breathing.


Message History

Welcome, esc the Vampire Enchanter.
Found a staircase leading out of the dungeon.
You open the door.
Ijyb the Twisted Goblin comes into view.
There is an open door here.
The helpless Ijyb fails to defend himself.
You puncture Ijyb! Ijyb hits you.
You take 1 damage, and have 12/13 hp.
Aim: Ijyb (severely wounded, chance to defeat MR: 62%) Ijyb is outlined in light.
Ijyb barely misses you.
You now have 2/3 mp.
You barely miss Ijyb. You closely miss Ijyb.
Ijyb screams, "Me stronger than you!" Ijyb hits you.
You take 3 damage, and have 9/13 hp.
MASSIVE DAMAGE!!
You closely miss Ijyb.
Ijyb screams, "Level is mine!
All mine!"
Ijyb hits you but does no damage.
You hit Ijyb.
Ijyb screams, "Die!"
Ijyb hits you but does no damage.
You hit Ijyb. Ijyb hits you but does no damage.
You hit Ijyb but do no damage.
Ijyb stops glowing.
Ijyb hits you.
You take 1 damage, and have 8/13 hp.
You hit Ijyb. Ijyb hits you.
You take 1 damage, and have 7/13 hp.
You barely miss Ijyb.
Ijyb grins evilly.
Ijyb barely misses you.
You closely miss Ijyb. Your bite misses Ijyb. Ijyb hits you.
You take 1 damage, and have 6/13 hp.
You hit Ijyb.
You kill Ijyb!
Your Stealth skill gained 4 levels and is now at level 8!
Your Hexes skill gained 3 levels and is now at level 7!
You have reached level 2!
You regained 2 hp, and now have 8/19 hp.
Memorise Ensorcelled Hibernation, consuming 2 spell levels and leaving 2?
You start memorising the spell.
You continue memorising.
You continue memorising.
You finish memorising.
Spell assigned to 'a'.
k - a lumpy emerald potion You see here the goblin corpse of Ijyb.
You bottle the corpse's blood.
d - 2 potions of blood {@q1} (gained 1)
You start resting.
Health restored: 19; MP restored: 5 You open the door.
An ogre comes into view. It is wielding a giant spiked club.
The ogre shouts!
Aim: an ogre, wielding a giant spiked club (chance to defeat MR: 45%)
The ogre looks drowsy...
You now have 3/5 mp.
There is an open door here.
The helpless ogre fails to defend itself.
You impale the ogre!! The ogre closely misses you.
Aim: an ogre, wielding a giant spiked club (almost dead, chance to defeat MR: 45%)
Okay, then.
Aim: an ogre, wielding a giant spiked club (almost dead, chance to defeat MR: 45%)
The ogre is unaffected.
You now have 1/5 mp.
There is an open door here.
There is a fountain of clear blue water here.
Aim: an ogre, wielding a giant spiked club (almost dead, chance to defeat MR: 45%)
The ogre is unaffected.
The ogre hits you with a giant spiked club!
You take 8 damage, and have 11/19 hp.
MASSIVE DAMAGE!!
You now have 0/5 mp.
The ogre closely misses you.
The ogre hits you with a giant spiked club!
Ouch! That really hurt!
You die...

##########
#<.#..'..#
#..'..#..+
#..#####+#
#@.# #O.#
#..# #⌠⌠#
####


You could see an ogre.

Vanquished Creatures
  Ijyb (D)
1 creature vanquished.

Notes
Turn   | Place    | Note
--------------------------------------------------------------
     0 | D        | esc the Vampire Enchanter began the quest for the Orb.
     0 | D        | Reached XP level 1. HP: 13/13 MP: 3/3
     1 | D        | Noticed Ijyb
    15 | D        | Killed Ijyb
    15 | D        | Reached skill level 8 in Stealth
    15 | D        | Reached skill level 7 in Hexes
    15 | D        | Reached XP level 2. HP: 8/19 MP: 3/5
    19 | D        | Learned a level 2 spell: Ensorcelled Hibernation
   192 | D        | Noticed an ogre
   208 | D        | Slain by an ogre

Vault maps used:
D:        dungeon_sprint_1

Action                   || total
-------------------------++-------
Melee: Dagger            ||    12
 Cast: Corona            ||     1
       Ensorcelled Hiber ||     3
 Stab: Sleeping          ||     2

Vault maps used:
D:        dungeon_sprint_1

Table legend:
 A = Turns spent in this place as a percentage of turns spent in the entire game.
 B = Non-inter-level travel turns spent in this place as a percentage of non-inter-level travel turns spent in the entire game.
 C = Inter-level travel turns spent in this place as a percentage of turns spent in this place.
 D = Turns resting spent in this place as a percentage of non-inter-level travel turns spent in this place.
 E = Turns spent auto-exploring this place as a percentage of non-inter-level travel turns spent in this place.
 F = Non-inter-level travel turns spent in this place divided by the number of levels of this place that you've seen.
                   A       B       C       D       E      F
               +-------+-------+-------+-------+-------+----------------------
         Total | 100.0 | 100.0 |   0.0 |   5.3 |   0.0 |  38.0
       Dungeon | 100.0 | 100.0 |   0.0 |   5.3 |   0.0 |  38.0
               +-------+-------+-------+-------+-------+----------------------

Table legend:
 A = Kills in this place as a percentage of kills in entire the game.
 B = Kills by you in this place as a percentage of kills by you in the entire game.
 C = Kills by friends in this place as a percentage of kills by friends in the entire game.
 D = Other kills in this place as a percentage of other kills in the entire game.
 E = Experience gained in this place as a percentage of experience gained in the entire game.
 F = Experience gained in this place divided by the number of levels of this place that you have seen.
                   A       B       C       D       E      F
               +-------+-------+-------+-------+-------+----------------------
         Total | 100.0 | 100.0 |  -nan |  -nan | 100.0 |  40.0
       Dungeon | 100.0 | 100.0 |  -nan |  -nan | 100.0 |  40.0
               +-------+-------+-------+-------+-------+----------------------
